 Dungeon Crawl Stone Soup version 0.32-a0-871-ge202e49faa (webtiles) character file.

Game seed: 5702269706090245367

2092 Griffin23 the Carver (level 9, -2/79 HPs)
             Began as a Minotaur Fighter on Mar 29, 2024.
             Incinerated by a bombardier beetle (6 damage)
             ... with a burning spray
             ... on level 6 of the Dungeon.
             The game lasted 00:06:37 (6895 turns).

Griffin23 the Carver (Minotaur Fighter)             Turns: 6895, Time: 00:06:38

Health: -2/79      AC:  9    Str: 25    XL:     9   Next: 6%
Magic:  8/8        EV:  8    Int:  5    God:
Gold:   384        SH:  5    Dex: 10    Spells: 8/8 levels left

rFire   . . .        a - +0 long sword
rCold   . . .        c - +0 buckler
rNeg    . . .        b - +0 scale mail
rPois   .            (helmet restricted)
rElec   .            (no cloak)
rCorr   .            (no gloves)
SInv    .            r - +0 pair of boots
Will    .....        (no amulet) Stlth
                     (no ring)
HPRegen 0.33/turn    (no ring)
MPRegen 0.11/turn

%: no passive effects
@: on fire, attractive, glowing
A: horns 2, retaliatory headbutt
a: no special abilities


You were on level 6 of the Dungeon.
You visited 1 branch of the dungeon, and saw 6 of its levels.

You collected 384 gold pieces.

Inventory:

Hand Weapons
 a - a +0 long sword (weapon)
Missiles
 y - a throwing net (quivered)
Armour
 b - a +0 scale mail (worn)
 c - a +0 buckler (worn)
 r - a +0 pair of boots (worn)
 s - a scarf of shadows
Jewellery
 d - a ring of positive energy
 i - a ring of protection from cold
 w - a ring of poison resistance
Wands
 t - a wand of digging (7)
 x - a wand of flame (16)
 C - a wand of charming (10)
Scrolls
 h - 3 scrolls of vulnerability {unknown}
 k - 3 scrolls of amnesia {unknown}
 l - 2 scrolls of blinking {unknown}
 m - 3 scrolls of identify {unknown}
 n - a scroll of fear {unknown}
 q - 4 scrolls of enchant armour {unknown}
 u - 2 scrolls of teleportation {unknown}
 v - a scroll of immolation {unknown}
Potions
 e - a potion of haste {unknown}
 g - a potion of ambrosia
 j - a potion of lignification {unknown}
 p - 2 potions of attraction
 z - a potion of resistance {unknown}
 A - a potion of might
 B - a potion of mutation {unknown}


   Skills:
 + Level 7.3 Fighting
 * Level 9.4 Long Blades
 + Level 7.3 Armour
 + Level 7.4 Shields


You had 8 spell levels left.
You didn't know any spells.
Your spell library contained the following spells:

 Spells                   Type           Power      Damage    Failure   Level
 Magic Dart               Conj           0%         1d3       80%         1
 Slow                     Hex            0%         N/A       80%         1
 Sting                    Conj/Alch      0%         1d3       80%         1
 Blink                    Tloc           0%         N/A       90%         2
 Call Imp                 Summ           0%         N/A       90%         2
 Mercury Vapours          Alch/Air       0%         N/A       90%         2
 Confusing Touch          Hex            0%         N/A       99%         3
 Vampiric Draining        Necr           0%         2d6       99%         3
 Olgreb's Toxic Radiance  Alch           0%         N/A       100%        4


Dungeon Overview and Level Annotations

Branches:
Dungeon (6/15)             Temple (0/1) D:5

Altars:
Hepliaklqana
Qazlal
Zin


Innate Abilities, Weirdness & Mutations

You have a pair of horns on your head.
You reflexively headbutt those who attack you in melee.


Message History

The scorpion is severely wounded.
The liquid fire burns you!
* * * LOW HITPOINT WARNING * * *
The scorpion completely misses you. The howler monkey hits you.
* * * LOW HITPOINT WARNING * * *
The scorpion stings you but does no damage.
You barely miss the scorpion.
The scorpion is severely wounded.
The liquid fire burns you!
* * * LOW HITPOINT WARNING * * *
The howler monkey closely misses you. The scorpion stings you.
* * * LOW HITPOINT WARNING * * *
You are lethally poisoned!
The scorpion poisons you!
You feel better. The liquid fire burns you!
* * * LOW HITPOINT WARNING * * *
The howler monkey hits you but does no damage.
You block the scorpion's attack.
You feel better. The liquid fire burns you!
* * * LOW HITPOINT WARNING * * *
You block the howler monkey's attack. The scorpion closely misses you.
The howler monkey hits you.
* * * LOW HITPOINT WARNING * * *
You closely miss the scorpion.
The scorpion is severely wounded.
The liquid fire burns you!
* * * LOW HITPOINT WARNING * * *
You block the scorpion's attack.
The howler monkey hits you but does no damage.
You hit the scorpion.
You kill the scorpion!
The liquid fire burns you!
* * * LOW HITPOINT WARNING * * *
The howler monkey hits you but does no damage.
You completely miss the howler monkey. You headbutt the howler monkey!
The howler monkey is heavily wounded.
The liquid fire burns you!
You die...

.###### #.#####..........##.#.##.
.### #.# #..######.##....##ß .#.#
########## ######....# .#.##
###........# #...###....### #..)#
#...[..#...##.....##.......
....###.....##...#.......#.......
.#####......##...'.......#.#..##.
#.........####.h†#.......#.#.###.
#...######## #.†@##.....##.#.# ##
.#...###..(###...# #...###...# #
.#.#.##.....##...# ######.### #
.#.#.#)....†.#...####....).# #
#....#.......'...##......#.# #
.#...#.......#...##.....#### #
.#..###.....##...#......# # .#.##
##...###........### # #...# #####
########## #


You could see a howler monkey.

Vanquished Creatures
  Prince Ribbit (D:5)
  A wraith (D:6)
  4 water moccasins
  An orc warrior (D:6)
  A black bear (D:5)
  An ogre (D:4)
  2 phantoms (D:5)
  A kobold brigand (D:6)
  3 scorpions
  2 bombardier beetles (D:6)
  2 quasits (D:6)
  A jelly (D:6)
  Natasha (thrice) (D:4)
  4 iguanas (D:6)
  2 orc wizards
  7 gnolls
  7 adders
  A shadow imp (D:6)
  3 white imps
  3 dart slugs
  A ribbon worm (D:4)
  18 orcs
  5 bats
  6 endoplasms
  A giant cockroach (D:4)
  5 hobgoblins
  6 jackals
  6 quokkas
  9 ball pythons
  6 frilled lizards
  8 goblins
  9 kobolds
  6 rats
136 creatures vanquished.

Notes
Turn   | Place    | Note
-------+----------+-------------------------------------------
     0 | D:1      | Griffin23 the Minotaur Fighter began the quest for the Orb.
     0 | D:1      | Reached XP level 1. HP: 19/19 MP: 0/0
   245 | D:1      | Reached XP level 2. HP: 25/27 MP: 1/1
   551 | D:1      | Reached skill level 3 in Long Blades
   783 | D:1      | Found a faded altar of an unknown god.
  1027 | D:2      | Reached XP level 3. HP: 33/33 MP: 2/2
  2053 | D:4      | Reached XP level 4. HP: 32/40 MP: 3/3
  2316 | D:3      | Reached skill level 4 in Long Blades
  2700 | D:4      | Noticed a scorpion
  2706 | D:4      | Killed a scorpion
  2707 | D:4      | Reached XP level 5. HP: 33/47 MP: 4/4
  3243 | D:4      | Noticed Natasha
  3250 | D:4      | Killed Natasha
  3339 | D:4      | Noticed Natasha
  3349 | D:4      | Killed Natasha
  3350 | D:4      | Reached skill level 5 in Long Blades
  3353 | D:4      | Noticed an ogre
  3360 | D:4      | Killed an ogre
  3361 | D:4      | Reached skill level 5 in Shields
  3361 | D:4      | Reached XP level 6. HP: 13/55 MP: 5/5
  3547 | D:4      | Noticed Natasha
  3551 | D:4      | Killed Natasha
  3552 | D:4      | Reached skill level 5 in Fighting
  3552 | D:4      | Reached skill level 5 in Armour
  3835 | D:4      | Found a stormy altar of Qazlal.
  3862 | D:4      | Found a glowing silver altar of Zin.
  3929 | D:5      | Entered Level 5 of the Dungeon
  3929 | D:5      | Noticed Prince Ribbit
  3943 | D:5      | Killed Prince Ribbit
  3944 | D:5      | Reached skill level 6 in Long Blades
  3944 | D:5      | Reached XP level 7. HP: 35/61 MP: 6/6
  4098 | D:5      | Found a staircase to the Ecumenical Temple.
  4537 | D:5      | Reached skill level 7 in Long Blades
  5340 | D:6      | Reached XP level 8. HP: 62/70 MP: 7/7
  5669 | D:6      | Reached skill level 8 in Long Blades
  6416 | D:6      | Reached skill level 9 in Long Blades
  6585 | D:6      | Identified the +1 ring mail of Green the Good {Harm rPois
                  | Int-4 Stlth+}
  6758 | D:6      | Found a faded altar of an unknown god.
  6758 | D:6      | Found a faded altar of an unknown god.
  6760 | D:6      | Found a hazy altar of Hepliaklqana.
  6878 | D:6      | Reached XP level 9. HP: 45/79 MP: 8/8
  6895 | D:6      | Incinerated by a bombardier beetle

Illustrated notes

Levels and vault maps discovered:
D:1:      amcnicky_arrival_underground_garden, layout_loops_corners,
          hellmonk_ecumenical_altar_slurped_away
D:2:      layout_loops_corners
D:3:      layout_basic
D:4:      layout_basic, mainiacjoe_overflow_two_lobes, uniq_natasha
D:5:      layout_gridville, temple_doors_e, uniq_prince_ribbit1
D:6:      minmay_opposing_rooms, layout_rooms,
          nicolae_hepliaklqana_ecumenical_no_more,
          nicolae_overflow_hidden_temple, serial_demonic, serial_demonic_e,
          serial_demonic_d, serial_demonic_c, serial_demonic_d, nicolae_titane

Skill      XL: |  1  2  3  4  5  6  7  8 |
---------------+-------------------------+-----
Long Blades    | 3 4 5 6 7 9 |  9.4
Fighting       | 4 5 6 7 |  7.3
Armour         | 4 5 6 7 |  7.3
Shields        | 4 5 6 7 |  7.4

Action                     |  1- 3 |  4- 6 |  7- 9 || total
---------------------------+-------+-------+-------++-------
  Melee: Long sword        |   128 |    88 |   278 ||   494
         Headbutt          |    10 |    17 |    47 ||    74
    Use: Potion            |       |     1 |     8 ||     9
 Armour: Scale mail        |    98 |    78 |   296 ||   472
  Dodge: Dodged            |    62 |    43 |   152 ||   257
  Block: Buckler           |    27 |    22 |    95 ||   144

Table legend: (Time is in decaauts)
 A = Elapsed time spent in this place.
 B = Non-inter-level travel time spent in this place.
 C = Inter-level travel time spent in this place.
 D = Time resting spent in this place.
 E = Time spent auto-exploring this place.
 F = Levels seen in this place.
 G = Mean time per level.
                   A        B        C        D        E       F      G
               +--------+--------+--------+--------+--------+-----+--------+
         Total |   6979 |   6775 |    204 |    615 |   5174 |   6 | 1163.2 |
       Dungeon |   6979 |   6775 |    204 |    615 |   5174 |   6 | 1163.2 |
               +--------+--------+--------+--------+--------+-----+--------+

Top non-repeatable levels by time:
     D:5: 1544 daAuts
     D:6: 1442 daAuts
     D:4: 1331 daAuts
     D:1: 955 daAuts
     D:3: 893 daAuts
     D:2: 811 daAuts
